 Dungeon Crawl Stone Soup version 0.30.0 (webtiles) character file.

Game seed: 2589132870502414492

142 robert the Shield-Bearer (level 5, 0/47 HPs)
             Began as a Gnoll Fighter on Nov 30, 2023.
             Slain by IAmTheZeppo's ghost (12 damage)
             ... on level 3 of the Dungeon on Dec 2, 2023.
             The game lasted 00:18:37 (1898 turns).

robert the Shield-Bearer (Gnoll Fighter)            Turns: 1898, Time: 00:18:37

Health: 0/47       AC: 14    Str: 17    XL:     5   Next: 25%
Magic:  7/7        EV:  5    Int:  8    God:
Gold:   225        SH:  5    Dex: 11    Spells: 6/6 levels left

rFire   . . .        e - +4 short sword (vamp)
rCold   . . .        c - +0 buckler
rNeg    + . .        p - +0 plate armour
rPois   .            (no helmet)
rElec   .            (no cloak)
rCorr   .            (no gloves)
SInv    .            s - +0 pair of boots
Will    .....        n - amulet of the acrobat Stlth
                     g - ring of positive energy
HPRegen 0.27/turn    (no ring)
MPRegen 0.10/turn

%: acrobat
@: no status effects
A: fangs 1, strong nose, distributed training
a: no special abilities


You were on level 3 of the Dungeon.
You visited 1 branch of the dungeon, and saw 3 of its levels.

You collected 264 gold pieces.
You spent 39 gold pieces at shops.

Inventory:

Hand Weapons
 a - a +0 war axe
 e - a +4 vampiric short sword (weapon)
Armour
 c - a +0 buckler (worn)
 p - a +0 plate armour (worn)
 s - a +0 pair of boots (worn)
 y - a +1 leather armour of positive energy
Magical Staves
 u - a staff of poison
Jewellery
 g - a ring of positive energy (left hand)
 n - an amulet of the acrobat (around neck)
Scrolls
 b - a scroll of brand weapon {unknown}
 h - 2 scrolls of immolation {unknown}
 k - a scroll of enchant weapon {unknown}
 l - 3 scrolls of identify {unknown}
 m - a scroll of amnesia {unknown}
 o - a scroll of noise {unknown}
 q - a scroll of enchant armour {unknown}
 r - a scroll of vulnerability {unknown}
 t - a scroll of poison {unknown}
 w - a scroll of teleportation {unknown}
 x - a scroll of fear {unknown}
Potions
 d - a potion of might
 f - a potion of curing {unknown}
 i - a potion of berserk rage {unknown}
 j - a potion of brilliance {unknown}
 v - a potion of lignification


   Skills:
 + Level 6.7 Fighting
 + Level 1.4 Short Blades
 + Level 1.4 Long Blades
 + Level 4.8 Axes
 + Level 1.4 Maces & Flails
 + Level 1.4 Polearms
 + Level 1.4 Staves
 + Level 1.4 Ranged Weapons
 + Level 1.4 Throwing
 + Level 6.7 Armour
 + Level 1.4 Dodging
 + Level 1.4 Stealth
 + Level 6.7 Shields
 + Level 1.4 Unarmed Combat
 + Level 1.4 Spellcasting
 + Level 1.1 Conjurations
 + Level 1.1 Hexes
 + Level 1.1 Summonings
 + Level 1.1 Necromancy
 + Level 1.1 Translocations
 + Level 1.1 Transmutations
 + Level 1.1 Fire Magic
 + Level 1.1 Ice Magic
 + Level 1.1 Air Magic
 + Level 1.1 Earth Magic
 + Level 1.1 Poison Magic
 + Level 1.6 Invocations
 + Level 1.4 Evocations


You had 6 spell levels left.
You didn't know any spells.
Your spell library was empty.

Dungeon Overview and Level Annotations

Branches:
Dungeon (3/15)

Altars:

Shops:
D:3 !

Portals:
Abyss: D:3

Annotations:
D:3 IAmTheZeppo's ghost, amateur BaFi


Innate Abilities, Weirdness & Mutations

You have very sharp teeth.
Your uncanny sense of smell can sniff out nearby items.
Your experience applies equally to all skills.


Message History

You block the shadow imp's attack. The kobold hits you but does no damage.
Space warps around you.
You closely miss the kobold.
The kobold is moderately wounded.
The shadow imp barely misses you. The kobold hits you but does no damage.
You barely miss the kobold.
The kobold is moderately wounded.
You hit the kobold.
You feel better.
You kill the kobold!
IAmTheZeppo's ghost hits you but does no damage.
The shadow imp gestures at you. Pain shoots through your body!
You hit the shadow imp.
You bite the shadow imp, but do no damage.
The shadow imp is lightly wounded.
IAmTheZeppo's ghost hits you but does no damage.
The white imp gestures at you. The puff of frost hits you!
You block the shadow imp's attack.
You barely miss the shadow imp.
The shadow imp is lightly wounded.
IAmTheZeppo's ghost hits you!
The white imp hits you but does no damage.
The shadow imp hits you but does no damage.
You hit the shadow imp but do no damage.
The shadow imp is lightly wounded.
IAmTheZeppo's ghost hits you but does no damage.
You block the white imp's attack.
The shadow imp disappears for a moment.
The shadow imp hits you.
You closely miss the shadow imp.
The shadow imp is lightly wounded.
IAmTheZeppo's ghost hits you. The white imp gestures at you.
The puff of frost hits you.
* * * LOW HITPOINT WARNING * * *
The shadow imp barely misses you.
You closely miss the shadow imp.
The shadow imp is lightly wounded.
IAmTheZeppo's ghost hits you!
You die...

......##∩##..###.#..5#....#######
......##.##...#####.##....#
......#...##....#..##.....### ###
......##...###.##..##.......###..
.......###...###..####..#.....#..
####.....#..^...#.#..#..#.#.#....
#....##.#..###.#.##..#.#......
#...##....©5W...##...#.###....
#..##.#.####5@#.#....#.###>...
#..#.##:#.©##.5.##...#........
#..##.###...###©##...#######..
#...###.......####...# #..
#....................# #..
#....................# ###
###.......#..####..###
##########.####.######
#...........#


You could see IAmTheZeppo's ghost, a white imp and 2 shadow imps.

Vanquished Creatures
  An orc priest (D:3)
  An orc wizard (D:3)
  2 adders
  2 dart slugs
  3 orcs (D:3)
  5 ball pythons
  3 endoplasms
  3 giant cockroaches (D:3)
  5 goblins
  9 hobgoblins
  A jackal (D:1)
  A quokka (D:1)
  7 bats
  7 frilled lizards
  9 kobolds
  5 rats
64 creatures vanquished.

Notes
Turn   | Place    | Note
-------+----------+-------------------------------------------
     0 | D:1      | robert the Gnoll Fighter began the quest for the Orb.
     0 | D:1      | Reached XP level 1. HP: 23/23 MP: 1/1
    47 | D:1      | Reached XP level 2. HP: 29/29 MP: 2/2
   305 | D:1      | Reached XP level 3. HP: 35/35 MP: 3/3
   497 | D:1      | Reached skill level 1 in Invocations
   790 | D:2      | Reached skill level 1 in Short Blades
   790 | D:2      | Reached skill level 1 in Long Blades
   790 | D:2      | Reached skill level 1 in Maces & Flails
   790 | D:2      | Reached skill level 1 in Polearms
   790 | D:2      | Reached skill level 1 in Staves
   790 | D:2      | Reached skill level 1 in Ranged Weapons
   790 | D:2      | Reached skill level 1 in Throwing
   790 | D:2      | Reached skill level 1 in Dodging
   790 | D:2      | Reached skill level 1 in Stealth
   790 | D:2      | Reached skill level 1 in Unarmed Combat
   790 | D:2      | Reached skill level 1 in Spellcasting
   790 | D:2      | Reached skill level 1 in Evocations
  1184 | D:3      | Reached XP level 4. HP: 41/41 MP: 5/5
  1204 | D:3      | Reached skill level 1 in Conjurations
  1204 | D:3      | Reached skill level 1 in Hexes
  1204 | D:3      | Reached skill level 1 in Summonings
  1204 | D:3      | Reached skill level 1 in Necromancy
  1204 | D:3      | Reached skill level 1 in Translocations
  1204 | D:3      | Reached skill level 1 in Transmutations
  1204 | D:3      | Reached skill level 1 in Fire Magic
  1204 | D:3      | Reached skill level 1 in Ice Magic
  1204 | D:3      | Reached skill level 1 in Air Magic
  1204 | D:3      | Reached skill level 1 in Earth Magic
  1204 | D:3      | Reached skill level 1 in Poison Magic
  1227 | D:3      | Reached XP level 5. HP: 33/47 MP: 5/7
  1307 | D:3      | Found Byba's Distillery.
  1331 | D:3      | Bought a potion of lignification for 39 gold pieces
  1381 | D:3      | Found a transporter.
  1425 | D:3      | Noticed IAmTheZeppo's ghost (amateur BaFi)
  1432 | D:3      | Found a transporter.
  1697 | D:3      | Found a one-way gate to the infinite horrors of the Abyss.
  1898 | D:3      | Slain by IAmTheZeppo's ghost

Illustrated notes

Levels and vault maps discovered:
D:1:      psy_arrival_dodecagon, layout_loops_ring, chequers_garden,
          minmay_tiny_reverse_x
D:2:      layout_basic
D:3:      layout_basic, serial_shops, shop, gammafunk_ghost_abyssal_escape

Skill      XL: |  1  2  3  4 |
---------------+-------------+-----
Invocations    | 1 |  1.6
Short Blades   | 1 |  1.4
Long Blades    | 1 |  1.4
Maces & Flails | 1 |  1.4
Polearms       | 1 |  1.4
Staves         | 1 |  1.4
Ranged Weapons | 1 |  1.4
Throwing       | 1 |  1.4
Dodging        | 1 |  1.4
Stealth        | 1 |  1.4
Unarmed Combat | 1 |  1.4
Spellcasting   | 1 |  1.4
Evocations     | 1 |  1.4
Conjurations   | 1 |  1.1
Hexes          | 1 |  1.1
Summonings     | 1 |  1.1
Necromancy     | 1 |  1.1
Translocations | 1 |  1.1
Transmutations | 1 |  1.1
Fire Magic     | 1 |  1.1
Ice Magic      | 1 |  1.1
Air Magic      | 1 |  1.1
Earth Magic    | 1 |  1.1
Poison Magic   | 1 |  1.1
Fighting       | |  6.7
Axes           | |  4.8
Armour         | |  6.7
Shields        | |  6.7

Action                     |  1- 3 |  4- 6 || total
---------------------------+-------+-------++-------
  Melee: War axe           |    17 |       ||    17
         Short sword       |    90 |    99 ||   189
         Bite              |     6 |     9 ||    15
    Use: Potion            |       |     1 ||     1
 Armour: Scale mail        |    20 |       ||    20
         Plate armour      |    11 |    80 ||    91
  Dodge: Dodged            |    44 |    30 ||    74
  Block: Buckler           |    26 |    23 ||    49
